 Dungeon Crawl Stone Soup version 0.27-a0-1193-g8631133539 (webtiles) character file.

Game seed: 8103634508267442684

25 Aggronaut the Unweaver (level 2, -2/24 HPs)
             Began as a Demonspawn Abyssal Knight on May 25, 2021.
             Was a Follower of Lugonu.
             Slain by an adder (3 damage)
             ... on level 2 of the Dungeon.
             The game lasted 00:02:56 (1579 turns).

Aggronaut the Unweaver (Demonspawn Abyssal Knight)  Turns: 1579, Time: 00:02:56

Health: -2/24      AC: 11    Str: 12    XL:     2   Next: 82%
Magic:  4/4        EV: 10    Int: 13    God:    Lugonu [*.....]
Gold:   45         SH:  0    Dex: 12    Spells: 1/1 levels left

rFire    . . .     SeeInvis .   d - +0 whip
rCold    . . .     Faith    .   (no shield)
rNeg     . . .     Spirit   .   e - +0 ring mail
rPois    .         Reflect  .   (no helmet)
rElec    .         Harm     .   (no cloak)
rCorr    .         Rampage  .   (no gloves)
Will     .....                  (no boots)
Stlth    +.........             (no amulet)
HPRegen  0.08/turn              (no ring)
MPRegen  0.09/turn              (no ring)

@: brilliant, lethally poisoned (-2 -> -6), sanguine armoured
A: sanguine armour 1
a: Renounce Religion, Depart the Abyss


You were on level 2 of the Dungeon.
You worshipped Lugonu.
Lugonu was aware of your devotion.
You visited 1 branch of the dungeon, and saw 2 of its levels.
You visited the Abyss 1 time.

You collected 45 gold pieces.

Inventory:

Hand Weapons
 d - a +0 whip (weapon)
Armour
 e - a +0 ring mail (worn)
Scrolls
 a - a scroll of identify {unknown}
Potions
 b - a potion of haste {unknown}
 c - a potion of brilliance


   Skills:
 - Level 3.0 Fighting
 - Level 1.7 Short Blades
 * Level 1.6 Maces & Flails
 - Level 1.9 Armour
 - Level 0.8 Dodging
 + Level 3.2 Invocations


You had one spell level left.
You didn't know any spells.
Your spell library contained the following spells:

 Spells                   Type           Power      Damage    Failure   Level
 Confusing Touch          Hex            0%         N/A       90%         3
 Gell's Gravitas          Tloc           0%         N/A       90%         3
 Petrify                  Tmut/Erth      0%         N/A       100%        4
 Metabolic Englaciation   Hex/Ice        0%         N/A       100%        5
 Yara's Violent Unravell  Hex/Tmut       0%         3d3       100%        5


Dungeon Overview and Level Annotations

Branches:
Dungeon (2/15)

Altars:
Trog


Innate Abilities, Weirdness & Mutations

When seriously injured, your bleeding wounds create armour. (AC +6)


Message History

The adder is moderately wounded.
You feel sick. The adder bites you but does no damage.
You barely miss the adder.
The adder is moderately wounded.
You feel sick. The adder bites you.
You closely miss the adder.
The adder is moderately wounded.
You feel sick. The adder bites you.
You hit the adder.
The adder is almost dead.
You feel sick. The adder barely misses you. The adder bites you.
* * * LOW HITPOINT WARNING * * *
You barely miss the adder.
The adder is almost dead.
You feel sick. The adder barely misses you.
You miss the adder.
The adder is almost dead.
You feel sick. The adder misses you.
It was a potion of brilliance.
You feel clever all of a sudden.
You feel sick.
You are no longer poisoned.
The adder closely misses you. The adder barely misses you.
You hit the adder but do no damage.
The adder is almost dead.
The adder bites you but does no damage.
You miss the adder.
The adder is almost dead.
The adder barely misses you.
You hit the adder but do no damage.
The adder is almost dead.
The adder bites you.
* * * LOW HITPOINT WARNING * * *
You are lethally poisoned!
The adder poisons you! The adder bites you but does no damage.
You miss the adder.
The adder is almost dead.
* * * LOW HITPOINT WARNING * * *
You feel sick. The adder bites you.
You die...

## ... ###### .... #....#
.....########## #....#
......(....[..###....#
...............S@..†.#
###...........###....#
#...........# #....#
..............# ##.###
##............####.#
#............#....#######
#............#..........#
#.#########.##...######.#
#######.##...#####


You could see an adder.

Vanquished Creatures
  3 ball pythons (D:1)
  2 endoplasms (D:1)
  2 giant cockroaches (D:1)
  2 goblins (D:1)
  A hobgoblin (D:1)
  2 jackals (D:1)
  2 quokkas (D:2)
  4 frilled lizards
  A kobold (D:1)
  4 rats
23 creatures vanquished.

Notes
Turn   | Place    | Note
-------+----------+-------------------------------------------
     0 | Abyss:1  | Aggronaut the Demonspawn Abyssal Knight began the quest for
                  | the Orb.
     0 | Abyss:1  | Reached XP level 1. HP: 18/18 MP: 2/2
    37 | D:1      | Escaped the Abyss
   506 | D:1      | Gained mutation: When seriously injured, your bleeding
                  | wounds create armour. (AC +6) [demonic ancestry]
   506 | D:1      | Reached XP level 2. HP: 24/24 MP: 4/4
   510 | D:1      | Reached skill level 1 in Maces & Flails
  1105 | D:1      | Found a faded altar of an unknown god.
  1435 | D:1      | Found a bloodstained altar of Trog.
  1578 | D:2      | HP: 1/24 [adder (3)]
  1579 | D:2      | Slain by an adder

Illustrated notes

Levels and vault maps discovered:
D:1:      dpeg_arrival_lava_altar, layout_basic,
          ebering_ecumenical_altar_abandoned, serial_bayou_pond_c
D:2:      layout_basic, uniq_jessica

Skill      XL: |  1  2 |
---------------+-------+-----
Maces & Flails | 1 |  1.6
Invocations    | 3 |  3.2
Fighting       | |  3.0
Short Blades   | |  1.7
Armour         | |  1.9
Dodging        | |  0.8

Action                   || total
-------------------------++-------
Melee: Whip              ||   102
       Short sword       ||     4
  Use: Potion            ||     1
Armor: Leather armour    ||     4
       Ring mail         ||    30
Dodge: Dodged            ||    60

Table legend: (Time is in decaauts)
 A = Elapsed time spent in this place.
 B = Non-inter-level travel time spent in this place.
 C = Inter-level travel time spent in this place.
 D = Time resting spent in this place.
 E = Time spent auto-exploring this place.
 F = Levels seen in this place.
 G = Mean time per level.
                   A        B        C        D        E       F      G
               +--------+--------+--------+--------+--------+-----+--------+
         Total |   1587 |   1540 |     47 |    334 |    957 |   3 |  529.0 |
       Dungeon |   1550 |   1503 |     47 |    334 |    925 |   2 |  775.0 |
         Abyss |     37 |     37 |      0 |      0 |     32 |   1 |   37.0 |
               +--------+--------+--------+--------+--------+-----+--------+

Top non-repeatable levels by time:
     D:1: 1458 daAuts
     D:2: 91 daAuts
 Abyss:1: 37 daAuts
